AoeStats
← Kulishaak

Nomad

503434175Analyzed
1v1 RM · 1mo ago on Aug 31, 2026· 57m 59s· 2 players
Game mode
Random Map
Map size
126×126
Population
200
Speed
Normal
Resources
Standard
Victory
Conquest
Starting age
Dark Age
Ending age
Imperial Age
RankedLock teamsTeams togetherTeam positionsShared explorationLock speedFull tech treeHidden civsTurbo modeCheats
Victory
Defeat
🇳🇱 Mongols · Netherlands
1180
+14
🇨🇿 Armenians · Czechia
1144
-14
Kulishaak
4:23 Loom
13:23 Feudal Age
13:34 Man-at-Arms
15:36 Double-Bit Axe
15:43 Gold Mining
15:19 Long Swordsman
18:20 Arson
20:16 Pikeman
21:32 Padded Archer Armor
21:37 Scale Mail Armor
25:30 Castle Age
25:17 Horse Collar
28:27 Squires
30:59 Medium Warships
31:00 Gambesons
32:21 Fletching
34:05 Bodkin Arrow
34:31 Fishing Lines
35:26 Padded Archer Armor
38:25 Wheelbarrow
38:33 Town Watch
43:20 Ballistics
45:52 Gillnets
46:54 Forging
48:01 Bow Saw
47:53 Heavy Plow
47:45 Stone Mining
49:09 Gold Shaft Mining
50:54 Elite Skirmisher
51:51 Leather Archer Armor
51:38 Two-Handed Swordsman
55:55 Imperial Age
Kyl
5:20 Loom
12:26 Feudal Age
13:24 Double-Bit Axe
19:13 Castle Age
19:30 Bloodlines
20:55 Scale Barding Armor
26:27 Fletching
27:39 Husbandry
28:22 Bodkin Arrow
28:28 Padded Archer Armor
29:23 Wheelbarrow
30:51 Bow Saw
34:32 Horse Collar
37:37 Gold Mining
38:10 Thumb Ring
45:11 Imperial Age
46:11 Bracer
54:30 Elite Steppe Lancer
56:40 Chain Barding Armor
Connection lost

Rejoining the realm…

Still unreachable

The connection could not be restored.

Session expired

The server has moved on; the page needs a fresh start.